 Dungeon Crawl Stone Soup version 0.26-a0-651-gb41185065b (webtiles) character file.

Game seed: 5001187607167444799

3160 looop the Grappler (level 9, -1/79 HPs)
             Began as a Pale Draconian Transmuter on Sept 29, 2020.
             Was a Follower of Okawaru.
             Slain by Harold
             ... wielding a +0 scimitar
              (22 damage)
             ... on level 8 of the Dungeon.
             The game lasted 00:10:45 (8662 turns).

looop the Grappler (Pale Draconian Transmuter)      Turns: 8662, Time: 00:10:46

Health: -1/79      AC:  2    Str: 15    XL:     9   Next: 62%
Magic:  0/12       EV: 20    Int: 14    God:    Okawaru [*.....]
Gold:   415        SH:  0    Dex: 17    Spells: 1/12 levels left

rFire    . . .     SeeInvis .     - Unarmed
rCold    . . .     Faith    .   (shield currently unavailable)
rNeg     . . .     Spirit   +   (armour unavailable)
rPois    x         Reflect  .   (helmet currently unavailable)
rElec    .         Harm     .   (cloak currently unavailable)
rCorr    +         Rampage  .   (gloves currently unavailable)
MR       .....                  (boots currently unavailable)
Stlth    ++........             a - amulet of guardian spirit
HPRegen  0.23/turn              i - ring of wizardry
MPRegen  0.13/turn              m - ring of resist corrosion

@: spider-form
A: tiny, (breathe steam), unfitting armour, AC +7
a: End Transformation, Heroism, Renounce Religion


You were on level 8 of the Dungeon.
You worshipped Okawaru.
Okawaru was aware of your devotion.
You were a venomous arachnid creature.
You visited 2 branches of the dungeon, and saw 9 of its levels.

You collected 448 gold pieces.
You spent 33 gold pieces at shops.

Inventory:

Missiles
 g - 21 boomerangs (quivered)
Armour
 u - a +1 kite shield
Jewellery
 a - an amulet of guardian spirit (around neck)
 i - a ring of wizardry (left front leg)
 m - a ring of resist corrosion (right front leg)
Wands
 b - a wand of iceblast (7)
 t - a wand of random effects (37)
Scrolls
 c - 2 scrolls of magic mapping
 d - a scroll of enchant weapon
 k - 2 scrolls of immolation
 o - a scroll of enchant armour
 p - 3 scrolls of teleportation
 s - a scroll of amnesia
 y - a scroll of remove curse
 z - 2 scrolls of identify
Potions
 e - a potion of invisibility
 f - 2 potions of lignification
 h - 2 potions of heal wounds {unknown}
 j - 7 potions of curing {unknown}
 l - 3 potions of stabbing {unknown}
 n - 3 potions of haste
 q - a potion of resistance {unknown}
 r - a potion of degeneration {unknown}
 v - a potion of brilliance {unknown}
 w - a potion of berserk rage
 x - a potion of flight {unknown}
 A - a potion of cancellation {unknown}
 D - 2 potions of mutation {unknown}
 E - a potion of magic {unknown}


   Skills:
 - Level 7.3 Fighting
 + Level 2.5 Dodging
 - Level 9.9 Unarmed Combat
 - Level 2.0 Spellcasting
 + Level 6.3 Transmutations
 * Level 3.0 Invocations


You had one spell level left.
You knew the following spells:

 Your Spells              Type           Power        Failure   Level
a - Beastly Appendage     Tmut           ###...       3%          1
b - Wereblood             Tmut           ###.....     4%          2
c - Spider Form           Tmut/Pois      ##........   16%         3
d - Blade Hands           Tmut           ###.......   32%         5

Your spell library contained the following spells:

 Spells                   Type           Power        Failure   Level
 Ice Form                 Ice/Tmut       ##......     41%         4


Dungeon Overview and Level Annotations

Branches:
Dungeon (8/15)             Temple (1/1) D:6
   Lair: D:8-11

Altars:
Ashenzari
Cheibriados
Dithmenos
Elyvilon
Fedhas
Gozag
Hepliaklqana
Kikubaaqudgha
Makhleb
Nemelex Xobeh
Okawaru
Qazlal
Ru
Sif Muna
Trog
Uskayaw
Vehumet
Wu Jian
Xom
Yredelemnul
Zin
The Shining One

Shops:
D:5 *   D:7 ?

Annotations:
D:8 Harold


Innate Abilities, Weirdness & Mutations

((You can breathe blasts of scalding, opaque steam.))
((Your pale cyan-grey scales are hard. (AC +7)))
You cannot fit into any form of body armour.
((You are cold-blooded and may be slowed by cold attacks.))


Message History

Harold throws a throwing net.
The throwing net barely misses you. Harold hits you with a +0 scimitar!
Things that are here:
a throwing net; a bullfrog corpse; a worker ant corpse You hit Harold.
Harold is poisoned.
Harold is lightly wounded.
You have got your breath back.
Harold hits you with a +0 scimitar!
* * * LOW HITPOINT WARNING * * *
You bite Harold!
Harold looks as sick as possible!
Harold is moderately wounded.
You hit Harold.
Harold looks as sick as possible!
Harold is moderately wounded.
Harold grumbles, "Just give up already, I want to go home!"
Harold completely misses you.
Found 21 stones.
You hit Harold but do no damage.
Harold looks as sick as possible!
Harold is heavily wounded.
Harold hits you with a +0 scimitar!!
You die...

#..# #..# ##..# ## ##
#######.... .. #.
........## .# ######.
##...##..###.#
(......###....##.....[###
...........)..)†........#
###@s..#####.#....#.#
###...##.# #.#.##...#
###...####.# #...# ...
##.((### #.# ###..## ..
###.†###### #.# #....# #
#...........#.# #<..##
..................# #...#
.###..............# #..##
#............ #...#


You could see Harold (extremely poisoned).

Vanquished Creatures
  Sigmund (D:3)
  A wraith (D:8)
  Eustachio (D:4)
  2 water moccasins
  An orc warrior (D:6)
  A black bear (D:7)
  A phantom (D:8)
  An ice beast (D:6)
  A sky beast (D:5)
  3 ogres (D:7)
  2 centaurs (D:7)
  4 bullfrogs
  A scorpion (D:4)
  11 wights
  3 hounds
  A centaur skeleton (D:5)
  4 orc priests
  A bullfrog zombie (D:5)
  6 orc wizards
  A bullfrog skeleton (D:7)
  Jessica (D:7)
  An iguana (D:7)
  2 worker ants
  A hound skeleton (D:4)
  4 gnolls (D:6)
  8 adders
  A white imp (D:5)
  2 ufetubi
  2 oozes (D:3)
  4 worms
  An adder skeleton (D:5)
  An adder zombie (D:7)
  2 dart slugs
  5 leopard geckos
  39 orcs
  9 bats
  8 giant cockroaches
  11 goblins
  13 hobgoblins
  2 jackals (D:3)
  3 quokkas
  2 ball pythons
  2 frilled lizards (D:3)
  16 kobolds
  A leopard gecko zombie (D:7)
  A quokka zombie (D:6)
  5 rats
194 creatures vanquished.

Vanquished Creatures (others)
  A plant (D:6)
1 creature vanquished.

Grand Total: 195 creatures vanquished

Notes
Turn   | Place    | Note
-------+----------+-------------------------------------------
     0 | D:1      | looop the Draconian Transmuter began the quest for the Orb.
     0 | D:1      | Reached XP level 1. HP: 16/16 MP: 3/3
   283 | D:1      | Reached XP level 2. HP: 10/23 MP: 5/5
  1379 | D:2      | Reached XP level 3. HP: 22/29 MP: 3/6
  1404 | D:2      | Learned a level 2 spell: Wereblood
  1408 | D:2      | Learned a level 3 spell: Spider Form
  1564 | D:2      | Reached skill level 4 in Unarmed Combat
  1874 | D:2      | Reached XP level 4. HP: 34/37 MP: 7/7
  2249 | D:3      | Noticed Sigmund
  2279 | D:3      | Killed Sigmund
  2279 | D:3      | Reached skill level 5 in Unarmed Combat
  2279 | D:3      | Reached XP level 5. HP: 28/46 MP: 1/8
  2488 | D:3      | Reached XP level 6. HP: 32/52 MP: 3/9
  3563 | D:4      | Reached skill level 6 in Unarmed Combat
  3632 | D:4      | Noticed Eustachio
  3642 | D:4      | Killed Eustachio
  4555 | D:4      | Your scales start taking on a pale cyan-grey colour.
  4555 | D:4      | Reached XP level 7. HP: 60/60 MP: 7/10
  4610 | D:4      | Found an ornate altar of the Wu Jian Council.
  4613 | D:4      | Found an ancient bone altar of Kikubaaqudgha.
  4616 | D:4      | Found a sparkling altar of Nemelex Xobeh.
  4726 | D:5      | Entered Level 5 of the Dungeon
  5086 | D:5      | Found Nayj's Serpentskin Sales.
  5096 | D:5      | Reached skill level 5 in Fighting
  5096 | D:5      | Reached skill level 7 in Unarmed Combat
  5767 | D:5      | Reached XP level 8. HP: 68/68 MP: 11/11
  5924 | D:6      | Reached skill level 8 in Unarmed Combat
  5978 | D:6      | Learned a level 5 spell: Blade Hands
  6339 | D:6      | Reached skill level 5 in Transmutations
  6996 | D:6      | Reached skill level 9 in Unarmed Combat
  7169 | D:6      | Found a staircase to the Ecumenical Temple.
  7179 | Temple   | Entered the Ecumenical Temple
  7371 | Temple   | Became a worshipper of Warmaster Okawaru
  7853 | D:7      | Reached XP level 9. HP: 78/78 MP: 12/12
  8137 | D:7      | Found Omorphob's Magic Scroll Shop.
  8288 | D:7      | Bought a scroll of remove curse for 33 gold pieces
  8340 | D:7      | Reached * piety under Okawaru
  8500 | D:7      | Noticed Jessica
  8505 | D:7      | Killed Jessica
  8512 | D:7      | Found a shimmering blue altar of Sif Muna.
  8574 | D:8      | Reached skill level 1 in Invocations
  8640 | D:8      | Noticed Harold
  8662 | D:8      | Slain by Harold

Illustrated notes

Levels and vault maps discovered:
D:1:      lightli_arrival_farm, layout_basic, minmay_tromino_v2
D:2:      wander_river, layout_rooms, minmay_crystal_room
D:3:      layout_basic, uniq_sigmund
D:4:      layout_basic, grunt_temple_overflow_diamond, uniq_eustachio
D:5:      layout_basic, moated_statue, guppyfry_shop_venom
D:6:      corexii_shantytown, layout_basic, minmay_temple_entry_enclosed_plants
D:7:      layout_gridville, tgw_sif, serial_shops, shop
D:8:      layout_rooms, uniq_harold
Temple:   dpeg_five_rooms_temple

Skill      XL: |  1  2  3  4  5  6  7  8  9 |
---------------+----------------------------+-----
Fighting       | 2 3 4 5 6 7 |  7.3
Unarmed Combat | 4 5 6 7 9 |  9.9
Transmutations | 3 5 6 |  6.3
Dodging        | 2 |  2.5
Invocations    | 3 |  3.0
Spellcasting   | |  2.0

Action                   |  1- 3 |  4- 6 |  7- 9 || total
-------------------------+-------+-------+-------++-------
Melee: Unarmed           |   147 |   138 |   256 ||   541
       Tailslap          |    13 |    14 |    23 ||    50
       Headbutt          |     3 |     1 |       ||     4
       Kick              |     3 |     3 |       ||     6
       Punch             |       |     2 |     4 ||     6
Throw: Boomerang         |       |     1 |       ||     1
 Cast: Beastly Appendage |     2 |     4 |     1 ||     7
       Spider Form       |       |     4 |     1 ||     5
 Abil: Breathe Steam     |       |       |    34 ||    34
  Use: Scroll            |       |       |    14 ||    14
 Stab: Sleeping          |       |     2 |     1 ||     3
Armor: Skin              |    51 |    41 |    62 ||   154
Dodge: Dodged            |   132 |    88 |   137 ||   357

Table legend: (Time is in decaauts)
 A = Elapsed time spent in this place.
 B = Non-inter-level travel time spent in this place.
 C = Inter-level travel time spent in this place.
 D = Time resting spent in this place.
 E = Time spent auto-exploring this place.
 F = Levels seen in this place.
 G = Mean time per level.
                   A        B        C        D        E       F      G
               +--------+--------+--------+--------+--------+-----+--------+
         Total |   8633 |   8313 |    320 |    483 |   6659 |   9 |  959.2 |
       Dungeon |   8388 |   8121 |    267 |    483 |   6471 |   8 | 1048.5 |
        Temple |    244 |    192 |     52 |      0 |    188 |   1 |  244.0 |
               +--------+--------+--------+--------+--------+-----+--------+

Top non-repeatable levels by time:
     D:6: 1661 daAuts
     D:3: 1308 daAuts
     D:4: 1282 daAuts
     D:1: 1238 daAuts
     D:5: 1041 daAuts
     D:2: 903 daAuts
     D:7: 853 daAuts
  Temple: 244 daAuts
     D:8: 98 daAuts
